cohdb
Replays
Latest Replays
All Replays
Popular Replays
Top Player Replays
Match Explorer
How It Works
Community
CoH3 Stats
Reddit
Sign in to upload your games and track your stats! →
Sign in with Steam
Match 19976352
Unlisted
Match 19976352
Overview
Messages
Build Orders
End
Panzergrenadier Squad
Panzergrenadier Squad
Panzergrenadier Squad
Construct Light Support Kompanie
Construct Mechanized Kompanie
Selects Italian Infantry
Selects Guastatori Squad
Selects Registered Artillery
Guastatori Squad
Assault Mechanized Group
8 Rad Armored Car
2.5-tonne Medical Truck
Marder III Tank Destroyer
Panzerjäger Mechanized Group
Selects Towed Cannone da 105/28 Field Howitzer
Selects Defensive Operations
Selects Territory Booby Traps
Veteran Squad Leaders
Tiensin
nirvana
Quickscopekiller1337
MonoChrome
0
0
Comments
sign in to comment!
No comments posted yet!